 Dungeon Crawl Stone Soup version 0.30-a0-140-gd1020e658a (webtiles) character file.

Game seed: 17144318730642751643

30 ytrimaz the Insei (level 3, -1/23 HPs)
             Began as an Octopode Transmuter on Sept 24, 2022.
             Slain by Sigmund
             ... wielding a +0 scythe
              (10 damage)
             ... on level 2 of the Dungeon.
             The game lasted 00:02:34 (1281 turns).

ytrimaz the Insei (Octopode Transmuter)             Turns: 1281, Time: 00:02:34

Health: -1/23      AC:  1    Str:  9    XL:     3   Next: 20%
Magic:  15/15      EV: 13    Int: 17    God:
Gold:   73         SH:  0    Dex: 12    Spells: 1/7 levels left

rFire   . . .      SeeInvis .      - Unarmed
rCold   . . .      Faith    .    (no shield)
rNeg    . . .      Spirit   .    (helmet restricted)
rPois   .          Reflect  .    (no amulet)
rElec   .          Harm     .    d - ring of magical power
rCorr   .          Rampage  .    (no ring)
Will    .....                    (no ring)
Stlth   ++........               (no ring)
HPRegen 0.07/turn                (no ring)
MPRegen 0.14/turn                (no ring)
                                 (no ring)
                                 (no ring)

@: on berserk cooldown, slowed, very slow
A: almost no armour, amphibious, 8 rings, camouflage 1, gelatinous body 1,
(nimble swimmer 1), tentacles
a: no special abilities


You were on level 2 of the Dungeon.
You visited 1 branch of the dungeon, and saw 2 of its levels.

You collected 73 gold pieces.


Innate Abilities, Weirdness & Mutations

You cannot wear most types of armour.
You are amphibious.
You can wear up to eight rings at the same time.
Your skin changes colour to match your surroundings (Stealth+).
Your rubbery body absorbs attacks. (AC +1, EV +1)
((You are camouflaged when in or above water. (Stealth+)))
You have tentacles for arms and can constrict up to eight enemies at once.


   Skills:
 - Level 1.0 Fighting
 - Level 2.0 Dodging
 - Level 3.0 Unarmed Combat
 + Level 2.5 Spellcasting
 + Level 2.5 Transmutations
 + Level 1.8 Poison Magic


You had one spell level left.
You knew the following spells:

 Your Spells              Type           Power      Damage    Failure   Level
a - Beastly Appendage     Tmut           20%        N/A       6%          1
b - Wereblood             Tmut           10%        N/A       10%         2
c - Spider Form           Tmut/Pois      9%         N/A       22%         3

Your spell library contained the following spells:

 Spells                   Type           Power      Damage    Failure   Level
 Sublimation of Blood     Necr           2%         N/A       28%         2
 Ice Form                 Ice/Tmut       6%         N/A       73%         4
 Petrify                  Tmut/Erth      6%         N/A       73%         4
 Irradiate                Conj/Tmut      3%         3d12      97%         5

Inventory:

Jewellery
 d - a ring of magical power (left tentacle)
   (You found it on level 1 of the Dungeon)
Potions
 a - a potion of attraction

Dungeon Overview and Level Annotations

Branches:
Dungeon (2/15) Zot: 10718

Altars:

Annotations:
D:2 Sigmund

######+#################
........................
#########.################
..............<..
#......@####### #.....J.#
#.......# ###...#.#
#...#.# #...#[# #...#.#
#...#.# #...#.#


You could see an endoplasm.


Message History

You see here the +3 pair of gauntlets of War {Slay+5}.
c - a scroll labelled YRAMMEWERGH You see here the +3 pair of gauntlets of War {Slay+5}.
You now have 73 gold pieces (gained 7).
A goblin comes into view. It is wielding a +0 club.
A goblin is nearby!
A goblin is nearby!
You see here the +3 pair of gauntlets of War {Slay+5}.
Press: ? - help, v - describe, . - travel, g - get item Item here: the +3 pair of gauntlets of War {Slay+5}.
The floor.
As you read the scroll labelled YRAMMEWERGH, it crumbles to dust.
It is a scroll of identify.
a - a potion of attraction Unknown command.
A goblin is nearby!
A goblin is nearby!
A goblin is nearby!
One of your tentacles grows a vicious spike. 😎 MP[-1]
You lost 1 mp, and now have 14/15 mp.
Sigmund the Dreaded comes into view.
He is wielding a +0 scythe.
Sigmund shouts!
The goblin shouts!
Sigmund moves out of view.
An endoplasm comes into view.
Your transformation is almost over.
The endoplasm quivers.
Casting: Beastly Appendage (safe; 6% risk of failure)
Confirm with . or Enter, or press ? or * to list all spells.
The spell is extremely dangerous to miscast (22% risk of failure)!
Continue anyway?
Uppercase [Y]es or [N]o only, please.
The spell is extremely dangerous to miscast (22% risk of failure)!
Continue anyway? [Y]es or [N]o only, please.
The spell is extremely dangerous to miscast (22% risk of failure)!
Continue anyway? [Y]es or [N]o only, please.
The spell is extremely dangerous to miscast (22% risk of failure)!
Continue anyway?
Okay, then.
Okay, then.
It was a potion of berserk rage.
A red film seems to cover your vision as you go berserk!
You feel yourself moving faster!
You feel mighty! 😎 HP[+11]
You now have 34 max hp (+11).
Your hp is fully restored (34).
Unknown command.
You barely miss the goblin. You grab the goblin.
Your tentacle spike misses the goblin.
You constrict the goblin. You bludgeon the goblin!
You kill the goblin!
Sigmund casts a spell at you.
You are confused.
Things that are here:
a +0 club; a goblin corpse; 😎 MP[+1]
Your mp is fully restored (15).
Unknown command.
You feel a strong urge to attack something.
You feel your anger nearly subside.
Unknown command.
You are no longer berserk.
You are exhausted.
You feel yourself slow down. 😎 HP[-11]
You now have 23 max hp (-11).
Unknown command.
You are too confused!
You are too confused!
You bump into the rock wall.
Sigmund hits you from afar with a +0 scythe. 😕 HP[-2]
You take 2 damage, and now have 21/23 hp.
You bump into the rock wall.
You feel less confused.
Sigmund hits you from afar with a +0 scythe. 😮 HP[-6]
You take 6 damage, and now have 15/23 hp.
MASSIVE DAMAGE!! (PAUSE)
Your tentacle spike disappears.
Unknown command.
The endoplasm closely misses you.
Sigmund hits you from afar with a +0 scythe. 😮 HP[-1]
You take 1 damage, and now have 14/23 hp.
Unknown command. 😮 HP[+1]
The endoplasm misses you.
Unknown command.
Sigmund gestures wildly while chanting.
Sigmund flickers and vanishes!
Deactivating autopickup; reactivate with Ctrl-A.
The endoplasm closely misses you. Something hits you.
* * * LOW HITPOINT WARNING * * *
😨 HP[-6]
You take 6 damage, and now have 9/23 hp.
MASSIVE DAMAGE!! (PAUSE)
Okay, then.
You aren't carrying any scrolls.
Unknown command.
The endoplasm barely misses you. The endoplasm misses you. Something hits you!
You die...

Skill      XL: |  1  2 |
---------------+-------+-----
Poison Magic   | 1 |  1.8
Fighting       | |  1.0
Dodging        | |  2.0
Unarmed Combat | |  3.0
Spellcasting   | |  2.5
Transmutations | |  2.5

Action                   || total
-------------------------++-------
Melee: Unarmed           ||    51
       Constrict         ||    14
       Kick              ||    11
       Tentacles         ||     8
       Punch             ||     1
 Cast: Beastly Appendage ||    11
  Use: Scroll            ||     4
       Potion            ||     2
 Stab: Sleeping          ||     4
Armor: Skin              ||    14
Dodge: Dodged            ||    27

Levels and vault maps discovered:
D:1:      onia_arrival_mini_spirals, layout_rooms,
          shapermc_ecumenical_altar_pompeii, dk_noncrumbling_3, st_stairs_2
D:2:      layout_basic, uniq_robin, uniq_sigmund, uniq_crazy_yiuf_cottage

Notes
Turn   | Place    | Note
-------+----------+-------------------------------------------
     0 | D:1      | ytrimaz the Octopode Transmuter began the quest for the
                  | Orb.
     0 | D:1      | Reached XP level 1. HP: 13/13 MP: 3/3
     0 | D:1      | magus.rc [v1.9.6]
   316 | D:1      | Reached XP level 2. HP: 18/18 MP: 3/5
   319 | D:1      | Reached skill level 1 in Poison Magic
   322 | D:1      | HP: 2/18 [goblin/+0 dagger (3)]
   384 | D:1      | HP: 4/18 [ball python (1)]
   445 | D:1      | Learned a level 2 spell: Wereblood
   670 | D:1      | You pick up a book of Alchemy and begin reading...
   670 | D:1      | You add the spells Sublimation of Blood, Petrify and
                  | Irradiate to your library.
   733 | D:1      | Reached XP level 3. HP: 18/23 MP: 6/6
   737 | D:1      | Learned a level 3 spell: Spider Form
   937 | D:1      | Found a faded altar of an unknown god.
  1202 | D:2      | Found the +3 pair of gauntlets of War {Slay+5}
  1259 | D:2      | Noticed Sigmund
  1281 | D:2      | Slain by Sigmund

Vanquished Creatures
  A dart slug (D:1)
  2 endoplasms (D:1)
  3 giant cockroaches (D:1)
  7 goblins
  A hobgoblin (D:1)
  4 kobolds (D:1)
  A quokka (D:1)
  2 ball pythons (D:1)
  2 bats (D:1)
  A frilled lizard (D:1)
  A rat (D:1)
25 creatures vanquished.

Table legend:
 A = Non-vault XP
 B = Vault XP
 C = Vault XP percentage of total XP
 D = Non-vault monster count
 E = Vault monster count
 F = Vault count percentage of total count
                 A         B        C        D         E       F
            +---------+---------+-------+---------+---------+-------
      Total |      41 |       3 |   6.8 |      23 |       2 |   8.0
            +---------+---------+-------+---------+---------+-------
        D:1 |      39 |       3 |   7.1 |      22 |       2 |   8.3
        D:2 |       2 |       0 |   0.0 |       1 |       0 |   0.0
            +---------+---------+-------+---------+---------+-------

Illustrated notes

Table legend:
 A = Kills in this place as a percentage of kills in entire the game.
 B = Kills by you in this place as a percentage of kills by you in the entire game.
 C = Kills by friends in this place as a percentage of kills by friends in the entire game.
 D = Other kills in this place as a percentage of other kills in the entire game.
 E = Experience gained in this place as a percentage of experience gained in the entire game.
 F = Experience gained in this place divided by the number of levels of this place that you have seen.
                   A       B       C       D       E      F
               +-------+-------+-------+-------+-------+----------------------
         Total | 100.0 | 100.0 |   N/A |   N/A | 100.0 |  22.0
       Dungeon | 100.0 | 100.0 |   N/A |   N/A | 100.0 |  22.0
               +-------+-------+-------+-------+-------+----------------------

Table legend: (Time is in decaauts)
 A = Elapsed time spent in this place.
 B = Non-inter-level travel time spent in this place.
 C = Inter-level travel time spent in this place.
 D = Time resting spent in this place.
 E = Time spent auto-exploring this place.
 F = Levels seen in this place.
 G = Mean time per level.
                   A        B        C        D        E       F      G
               +--------+--------+--------+--------+--------+-----+--------+
         Total |   1280 |   1245 |     35 |     27 |    969 |   2 |  640.0 |
       Dungeon |   1280 |   1245 |     35 |     27 |    969 |   2 |  640.0 |
               +--------+--------+--------+--------+--------+-----+--------+

Top non-repeatable levels by time:
     D:1: 1166 daAuts
     D:2: 113 daAuts
